Map: Ulrena

Players

zidar - Winner!

  • Race: Zerg Zerg
  • League: Silver
  • Spawn Location: 11:00

Primordus

  • Race: Protoss Protoss
  • League: Silver
  • Spawn Location: 7:00

VOD

Have the link to the VOD?

Description

Time

  • Played on: Dec. 10, 2015, 8:01 a.m.
  • Length: 10:54
Show
View Real Time Build Order
Export as new Build Order

zidar Zerg - Winner!

Build Orders: Hatch First 

Get SALT Encoding   

  12  0:01  Drone  
  13  0:12  Overlord  
  13  0:17  Drone  
  14  0:30  Drone x2  
  16  0:52  Hatchery  
  16  0:53  Drone  
  16  0:57  Drone  
  17  1:12  Spawning Pool  
  17  1:15  Drone  
  17  1:26  Extractor, Drone  
  17  1:33  Drone  
  17  1:35  Overlord  
  17  1:39  Drone  
  19  2:20  Queen  
  21  2:23  Queen  
  21  2:24  Hatchery  
  21  2:27  Metabolic Boost  
  22  2:32  Drone  
  22  2:35  Drone  
  24  2:49  Drone x3  
  27  2:53  Drone  
  28  3:03  Overlord  
  28  3:10  Queen  
  30  3:22  Roach Warren  
  29  3:40  Extractor  
  28  3:43  Extractor  
  28  3:44  Queen  
  29  3:56  Lair, Extractor  
  28  4:05  Roach x6  
  40  4:28  Roach x3  
  46  4:36  Drone x4  
  50  4:39  Overlord  
  50  4:42  Overlord  
  50  5:02  Drone x4  
  50  5:03  Drone  
  55  5:07  Drone  
  56  5:23  Hydralisk Den  
  55  5:31  Evolution Chamber  
  55  5:32  Evolution Chamber  
  53  5:40  Roach  
  53  5:41  Roach  
  57  5:47  Glial Reconstitution  
  56  6:14  Zerg Missile Weapons Level 1  
  56  6:17  Muscular Augments  
  56  6:22  Drone x3  
  59  6:26  Drone  
  60  6:38  Hydralisk x2  
  64  6:50  Hydralisk  
  66  6:54  Overlord x2  
  66  6:56  Overlord  
  66  6:58  Overseer  
  66  7:01  Overseer  
  66  7:18  Zerg Ground Armor Level 1  
  66  7:21  Hydralisk x2  
  70  7:24  Roach  
  70  7:27  Ravager x3  
  70  7:29  Ravager x2  
  77  7:50  Hydralisk  
  77  7:51  Hydralisk x3  
  84  8:19  Hydralisk x3  
  90  8:33  Zerg Missile Weapons Level 2  
  90  8:38  Lurker Den  
  54  9:40  Roach x5  
  54  9:41  Roach x6  
  61  10:22  Hydralisk  
  61  10:23  Hydralisk x5  
  61  10:26  Overlord  
  61  10:27  Overlord x4  
Show
View Real Time Build Order
Export as new Build Order

Primordus Protoss 

Build Orders:  

Get SALT Encoding   

  12  0:01  Probe (Chrono Boost)  
  13  0:12  Probe (Chrono Boost)  
  14  0:18  Pylon  
  14  0:24  Probe (Chrono Boost)  
  15  0:36  Probe (Chrono Boost)  
  15  0:38  Assimilator  
  16  0:45  Gateway  
  16  0:52  Probe (Chrono Boost)  
  17  1:03  Probe (Chrono Boost)  
  18  1:20  Probe (Chrono Boost)  
  19  1:31  Probe (Chrono Boost)  
  19  1:32  Cybernetics Core  
  20  1:42  Probe (Chrono Boost)  
  21  1:50  Nexus  
  21  1:52  Probe (Chrono Boost)  
  22  2:01  Pylon  
  22  2:27  Probe (Chrono Boost)  
  22  2:29  Gateway  
  23  2:41  Assimilator  
  23  2:55  Forge  
  23  3:07  Pylon  
  23  3:08  Stalker  
  23  3:11  Warp Gate (Chrono Boost)  
  25  3:16  Probe x2  
  27  3:21  Assimilator  
  27  3:24  Assimilator  
  27  3:27  Probe  
  27  3:28  Probe  
  29  3:37  Protoss Ground Weapons Level 1  
  29  3:38  Probe  
  29  3:40  Mothership Core  
  32  3:50  Photon Cannon  
  32  3:57  Photon Cannon  
  32  3:58  Probe  
  33  4:08  Probe  
  33  4:14  Pylon  
  34  4:25  Gateway  
  34  4:30  Pylon  
  34  4:31  Probe  
  34  4:36  Probe  
  36  4:41  Probe  
  37  4:48  Probe  
  37  4:52  Probe  
  38  4:57  Robotics Facility  
  39  5:24  Adept x2  
  39  5:25  Adept  
  45  5:35  Protoss Ground Armor Level 1  
  45  5:40  Twilight Council  
  45  5:47  Stalker x3  
  45  6:11  Sentry x2  
  47  6:12  Sentry  
  47  6:16  Immortal  
  55  6:24  Gateway  
  55  6:25  Gateway  
  55  6:31  Blink, Pylon  
  55  6:34  Pylon  
  55  6:48  Adept x2  
  55  6:49  Adept  
  61  6:58  Immortal  
  61  7:01  Probe  
  66  7:10  Probe  
  66  7:11  Probe  
  68  7:22  Probe x2  
  69  7:26  Nexus  
  70  7:31  Stalker x3  
  70  7:34  Probe  
  77  7:37  Immortal  
  79  8:18  Probe  
  76  8:28  Probe  
  76  8:29  Stalker x3  
  83  8:38  Immortal  
  83  8:39  Probe  
  88  8:42  Pylon  
  88  8:43  Charge, Pylon  
  88  8:46  Pylon  
  87  8:57  Dark Shrine  
  57  9:35  Zealot  
  57  9:36  Zealot x3  
  45  9:53  Immortal  
  45  9:58  Stalker x4  
  49  10:26  Probe  
  46  10:37  Probe  
Tags
 
Matchup
PvZ
Spawn Locations
Close Positions
Add a new tag
Caveats
  • Supply blocks, unpowered buildings, or Contaminate may cause inaccurate times.
  • Supply counts are checked every 10 seconds.